Map: King's Cove LE

Players

Cliggity - Winner!

  • Race: Protoss Protoss
  • League: Diamond
  • Spawn Location: 11:00

samael

  • Race: Zerg Zerg
  • League: Diamond
  • Spawn Location: 5:00

VOD

Have the link to the VOD?

Description

PvZ Fiesta

Time

  • Played on: Feb. 5, 2019, 10:30 p.m.
  • Length: 17:44
Show
View Real Time Build Order
Export as new Build Order

Cliggity Protoss - Winner!

Build Orders: 1 Gate Expand, Oracle Opening, Phoenix Opening 

Get SALT Encoding   

  12  0:01  Probe  
  13  0:17  Pylon  
  13  0:18  Probe  
  14  0:28  Probe  
  15  0:36  Probe  
  16  0:43  Gateway  
  16  0:44  Probe  
  17  0:52  Assimilator  
  17  1:00  Probe  
  18  1:12  Probe  
  19  1:24  Probe  
  20  1:34  Nexus  
  20  1:46  Cybernetics Core  
  20  1:50  Probe  
  21  1:54  Assimilator  
  21  2:00  Pylon  
  21  2:09  Probe  
  21  2:12  Adept  
  22  2:21  Probe  
  25  2:34  Stargate  
  25  2:41  Adept  
  25  2:43  Probe  
  27  2:44  Probe  
  29  2:51  Probe  
  29  2:52  Probe  
  31  3:01  Probe x2  
  33  3:06  Gateway  
  33  3:09  Phoenix  
  33  3:13  Probe x2  
  37  3:20  Warp Gate  
  37  3:43  Probe x2  
  37  3:48  Oracle  
  42  3:54  Assimilator  
  42  3:55  Probe x2  
  44  3:56  Assimilator  
  44  3:58  Pylon  
  44  4:05  Pylon  
  44  4:07  Probe x2  
  46  4:10  Stargate  
  46  4:19  Probe x2  
  48  4:31  Probe x2  
  48  4:32  Phoenix  
  52  4:45  Probe x2  
  52  4:55  Phoenix  
  54  5:00  Nexus  
  54  5:02  Pylon  
  54  5:11  Phoenix  
  56  5:22  Probe  
  56  5:23  Probe  
  56  5:27  Adept x2  
  62  5:30  Pylon  
  62  5:32  Shield Battery  
  62  5:33  Shield Battery  
  62  5:34  Phoenix  
  64  5:38  Pylon  
  64  5:39  Phoenix  
  66  5:47  Robotics Facility  
  64  5:56  Adept x2  
  66  6:15  Phoenix x2  
  64  6:37  Phoenix  
  64  6:38  Phoenix  
  64  6:41  Zealot  
  68  7:13  Probe  
  68  7:14  Probe  
  70  7:17  Gateway  
  70  7:19  Gateway  
  70  7:22  Pylon  
  70  7:31  Nexus  
  70  7:33  Assimilator  
  70  7:35  Assimilator  
  70  7:40  Probe x2, Oracle x2  
  78  8:30  Twilight Council  
  78  8:31  Robotics Facility  
  78  8:33  Pylon  
  78  8:36  Immortal  
  78  8:42  Pylon  
  78  8:43  Probe x2, Oracle  
  78  8:45  Pylon x2  
  87  8:48  Pylon x2  
  87  8:55  Probe x2  
  89  9:05  Probe  
  89  9:07  Probe x2  
  92  9:12  Immortal  
  96  9:17  Probe  
  96  9:19  Probe x2  
  96  9:20  Oracle  
  102  9:26  Zealot x2  
  102  9:27  Zealot x2  
  102  9:29  Probe  
  111  9:31  Probe x2  
  111  9:41  Probe  
  111  9:43  Charge  
  111  9:45  Immortal x2  
  110  9:48  Gateway x2  
  110  9:50  Gateway  
  110  9:53  Gateway  
  110  9:55  Gateway  
  110  9:57  Gateway  
  118  10:00  Probe x2  
  118  10:02  Forge  
  118  10:04  Forge  
  118  10:06  Pylon  
  120  10:07  Pylon  
  120  10:09  Templar Archives  
  120  10:11  Templar Archives  
  120  10:12  Pylon  
  120  10:14  Pylon  
  120  10:24  Immortal x2  
  128  10:40  Zealot x3  
  128  10:41  Zealot  
  136  10:55  Zealot x4  
  144  10:57  Protoss Ground Weapons Level 1, Protoss Ground Armor Level 1  
  144  11:04  Psionic Storm  
  144  11:21  High Templar x7  
  144  11:22  High Templar x3  
  156  11:33  Gateway x2  
  156  11:38  Gateway  
  156  11:39  Gateway  
  156  11:42  Archon x5  
  156  12:26  Nexus  
  156  12:28  Assimilator  
  156  12:31  Protoss Ground Weapons Level 2  
  156  12:32  Assimilator, Protoss Ground Armor Level 2  
  156  12:35  Warp Prism  
  156  12:36  Pylon, Immortal  
  156  12:39  Pylon  
  162  12:54  High Templar x5  
  162  12:56  Zealot x3  
  178  13:03  Pylon  
  178  13:04  Pylon  
  178  13:06  Pylon  
  178  13:11  Immortal  
  182  13:15  Immortal  
  186  13:37  Gateway  
  186  13:38  Gateway  
  186  13:43  Fleet Beacon  
  186  14:03  Zealot x3  
  186  14:04  Zealot x4  
  188  14:14  Immortal x2  
  192  14:38  Carrier  
  196  14:53  Warp Prism x2  
  182  15:36  Carrier x2  
  182  16:20  Stargate  
  182  16:36  Nexus  
  182  16:37  Assimilator  
  182  16:39  Pylon  
  182  16:40  Assimilator  
  182  16:41  Pylon  
  182  16:44  Zealot  
  182  16:45  Zealot x5  
  197  16:54  Pylon, Nexus, Assimilator  
  197  16:55  Pylon  
  197  16:57  Pylon  
  197  16:59  Assimilator  
  197  17:04  Zealot  
  197  17:05  Zealot  
  199  17:12  Zealot  
  178  17:36  Zealot x3  
  178  17:37  Zealot x2  
Show
View Real Time Build Order
Export as new Build Order

samael Zerg 

Build Orders: Hatch First, Lurkers 

Get SALT Encoding   

  12  0:01  Drone  
  13  0:13  Overlord  
  13  0:18  Drone  
  14  0:25  Extractor, Drone  
  15  0:51  Hatchery  
  15  0:53  Drone  
  15  0:56  Extractor  
  14  0:58  Drone  
  15  1:18  Spawning Pool  
  15  1:20  Drone  
  15  1:25  Drone  
  16  1:31  Drone  
  17  1:36  Drone  
  18  1:44  Overlord  
  18  1:53  Drone  
  19  2:03  Drone  
  19  2:05  Queen  
  22  2:11  Metabolic Boost  
  22  2:22  Queen  
  24  2:26  Drone  
  24  2:28  Drone  
  26  2:32  Drone  
  26  2:36  Drone  
  28  2:38  Drone  
  29  3:04  Drone x2, Roach Warren  
  30  3:07  Lair  
  30  3:08  Drone x2  
  32  3:13  Queen  
  34  3:29  Spore Crawler  
  34  3:31  Spore Crawler  
  34  3:32  Drone x4  
  36  3:43  Overlord x2  
  36  4:00  Overlord  
  36  4:02  Roach  
  38  4:05  Roach  
  38  4:08  Glial Reconstitution  
  40  4:12  Zergling x4  
  40  4:13  Zergling x2  
  40  4:15  Roach  
  44  4:23  Drone  
  45  4:25  Overlord x2  
  45  4:46  Roach x2  
  45  4:47  Roach x3  
  45  4:48  Hatchery, Drone  
  54  5:11  Drone  
  55  5:15  Drone  
  55  5:16  Drone x4  
  55  5:17  Hydralisk Den  
  55  5:18  Extractor  
  55  5:19  Extractor  
  57  5:32  Drone x2  
  57  5:33  Drone  
  57  5:35  Overlord x4  
  60  5:43  Evolution Chamber  
  60  5:44  Evolution Chamber  
  57  5:59  Roach x5  
  57  6:02  Roach  
  64  6:25  Roach  
  64  6:26  Roach  
  64  6:27  Drone x5  
  64  6:28  Drone x4  
  76  6:32  Drone  
  76  6:33  Drone  
  70  6:54  Drone x3  
  70  6:56  Drone  
  70  6:57  Drone x2  
  70  7:00  Extractor, Zerg Missile Weapons Level 1  
  71  7:02  Drone x3  
  71  7:05  Queen  
  71  7:08  Overseer  
  70  7:22  Drone x4  
  73  7:23  Drone  
  72  7:34  Spore Crawler  
  72  7:36  Spore Crawler  
  70  7:38  Spore Crawler  
  70  7:39  Spore Crawler x2  
  70  7:41  Spore Crawler  
  63  7:45  Drone x6  
  63  7:46  Drone x4  
  63  7:50  Spore Crawler  
  63  7:51  Spore Crawler  
  68  7:52  Spore Crawler  
  68  7:53  Hydralisk x3  
  68  7:57  Hydralisk x2  
  75  8:04  Overlord x2  
  75  8:05  Overlord  
  75  8:12  Pneumatized Carapace  
  75  8:13  Overlord  
  75  8:15  Overlord  
  75  8:18  Overlord  
  75  8:21  Overlord  
  75  8:33  Overlord x2  
  75  8:34  Overlord, Nydus Network  
  75  8:39  Queen  
  76  8:42  Drone x4  
  76  8:43  Drone x2  
  76  8:45  Extractor  
  81  8:48  Extractor, Drone  
  81  8:49  Drone  
  81  8:51  Drone  
  83  9:00  Overseer  
  83  9:06  Roach  
  83  9:07  Roach x4  
  83  9:28  Hydralisk  
  83  9:29  Hydralisk x4  
  89  9:41  Overlord  
  89  9:42  Overlord x5  
  89  9:47  Overseer  
  89  9:59  Queen, Overlord x2  
  89  10:01  Drone x3  
  89  10:02  Drone x2  
  89  10:03  Drone  
  98  10:14  Ravager x4  
  98  10:15  Ravager x3  
  98  10:17  Zergling x8  
  98  10:18  Zergling x2  
  109  10:27  Queen  
  111  10:29  Overlord x2  
  111  10:30  Overlord  
  111  10:35  Queen  
  112  10:44  Nydus Canal  
  112  10:49  Hydralisk x6  
  116  10:50  Hydralisk x2  
  128  11:03  Drone x4  
  127  11:38  Infestation Pit, Hatchery  
  125  11:40  Spire, Zerg Missile Weapons Level 2  
  125  11:41  Zerg Ground Armor Level 1  
  125  11:45  Lurker Den, Drone  
  124  11:52  Overseer x2  
  124  11:53  Overseer  
  124  12:03  Hydralisk x4  
  124  12:04  Hydralisk  
  134  12:09  Overlord x5  
  134  12:16  Hive  
  134  12:44  Overlord x2  
  134  12:45  Overlord x4  
  134  12:49  Queen  
  136  12:53  Corruptor x3  
  136  12:54  Corruptor x3  
  136  12:57  Overlord x3  
  148  13:10  Lurker  
  148  13:11  Lurker  
  148  13:12  Lurker  
  151  13:14  Drone x4  
  151  13:15  Drone x6  
  161  13:29  Lurker x2  
  161  13:30  Lurker  
  164  13:34  Drone  
  164  13:35  Drone x4  
  169  13:50  Drone  
  169  13:51  Drone x5  
  169  13:53  Extractor x2  
  144  14:49  Lurker  
  144  14:50  Lurker x3  
  109  15:04  Hydralisk x5  
  109  15:05  Hydralisk x7  
  129  15:13  Greater Spire  
  93  15:59  Lurker x2  
  93  16:00  Lurker x8  
  93  16:01  Lurker x2  
  105  16:20  Overseer x2  
  105  16:34  Brood Lord  
  105  16:38  Hatchery  
  105  16:39  Hatchery x2  
  104  16:56  Hydralisk x4  
  104  16:58  Hydralisk  
Tags
 
Add a new tag
Caveats
  • Supply blocks, unpowered buildings, or Contaminate may cause inaccurate times.
  • Supply counts are checked every 10 seconds.